 Dungeon Crawl Stone Soup version 0.17-a0-2198-g482c6e3 (webtiles) character file.

809 Ordine the Ruffian (level 7, -2/70 HPs)
             Began as a Troll Monk on Oct 26, 2015.
             Slain by Menkaure (17 damage)
             ... in an ossuary.
             The game lasted 00:11:48 (4000 turns).

Ordine the Ruffian (Troll Monk)                     Turns: 4000, Time: 00:11:49

Health: -2/70      AC:  5    Str: 20    XL:     7   Next: 61%
Magic:  6/6        EV: 11    Int:  6    God:
Gold:   182        SH:  0    Dex: 14    Spells: 0 memorised, 6 levels left

rFire  . . .     SeeInvis .       - Unarmed
rCold  . . .     Clarity  .     a - +0 robe
rNeg   . . .     SustAt   +     (no shield)
rPois  +         Gourm    +     (helmet restricted)
rElec  .         Spirit   .     (no cloak)
rCorr  .         Warding  .     (gloves unavailable)
rMut   .         Stasis   .     (boots unavailable)
MR     .....                    (no amulet)
Stlth  ++........               j - ring of poison resistance
                                e - ring of sustain attributes (curse)

@: hasted, very quick, not resistant to hostile enchantments, unstealthy
A: unfitting armour, claws 3, fast metabolism 3, gourmand, regeneration 2,
shaggy fur 1, tough skin 2
a: no special abilities


You were in an ossuary.
You were very full.

You visited 1 branch of the dungeon, and saw 5 of its levels.
You also visited: Ossuary.

You collected 182 gold pieces.

Inventory:

Missiles
 d - 2 needles of sleeping
 h - 7 tomahawks (quivered)
Armour
 a - a +0 robe (worn)
Jewellery
 e - a cursed ring of sustain attributes (left claw)
 j - a ring of poison resistance (right claw)
Scrolls
 i - 3 scrolls of teleportation
Potions
 c - a potion of curing {unknown}
Comestibles
 b - 4 bread rations
 f - 5 fruits
 g - 3 royal jellies
 k - a slice of pizza
 m - a meat ration
 n - a beef jerky


   Skills:
 + Level 4.2 Fighting
 + Level 4.1 Dodging
 - Level 1.1 Stealth
 * Level 7.4 Unarmed Combat


You had 6 spell levels left.
You didn't know any spells.

Dungeon Overview and Level Annotations

Branches:
Dungeon (5/15)
 Temple: D:4-7

Altars:
Cheibriados
Nemelex Xobeh
Ru
Sif Muna
Xom

Shops:
D:4 (

Annotations:
Ossuary Menkaure


Innate Abilities, Weirdness & Mutations

You are too large for most types of armour.
You have claws for hands.
Your metabolism is lightning-fast.
You like to eat raw meat.
You heal very quickly.
You are covered in fur (AC +1).
You have very tough skin (AC +2).


Message History

Menkaure misses you.
You closely miss Menkaure. You claw Menkaure, but do no damage.
Menkaure is moderately damaged.
Menkaure hits you.
You barely miss Menkaure.
Menkaure is moderately damaged.
Menkaure hits you!
You scratch Menkaure.
Menkaure is moderately damaged.
Menkaure hits you!
You scratch Menkaure but do no damage.
Menkaure is moderately damaged.
Menkaure hits you!!
You scratch Menkaure but do no damage.
Menkaure is moderately damaged.
Menkaure hits you!
* * * LOW HITPOINT WARNING * * *
Drink which item? (? for menu, Esc to quit)
You feel yourself speed up. Menkaure hits you!
You die...

..##..## ##..##.^## .##..##
..##..##..## ##.^## #..##^.##..##
#..## #..##..##..## ..##
#..##..##^.## ^## #Z.##..##..##
## #..##^.##..## # #M.##..##..##
#@.##^.##^.## ##..##..##..##
##..##..##..## ##..##..##.^##
####################..##..##..##
.^.....................##..##..##
##########################..##..#
.....................^.......##∩∩
#################################


You could see Menkaure and a rat skeleton.

Vanquished Creatures
  A sky beast (D:3)
  An ogre (D:3)
  A phantom (D:4)
  2 scorpions (D:4)
  An orc priest (D:4)
  A centaur skeleton (D:4)
  3 orc wizards
  5 worker ants
  4 adders
  4 gnolls
  3 adder skeletons (D:4)
  3 worms
  4 giant geckos
  8 orcs
  A ball python (D:1)
  3 giant cockroaches
  8 hobgoblins
  9 jackals
  5 kobolds
  A quokka (D:2)
  12 bats
  2 giant newts
  3 gnoll skeletons (Ossuary)
  4 gnoll zombies (Ossuary)
  11 goblins
  3 goblin skeletons (Ossuary)
  2 goblin zombies (Ossuary)
  4 hobgoblin skeletons (Ossuary)
  A hobgoblin zombie (Ossuary)
  2 kobold skeletons (Ossuary)
  A kobold zombie (Ossuary)
  An orc skeleton (Ossuary)
  6 rats
  2 rat skeletons (Ossuary)
  4 rat zombies (Ossuary)
126 creatures vanquished.

Vanquished Creatures (others)
  4 gnoll zombies (Ossuary)
  3 goblin zombies (Ossuary)
  2 hobgoblin skeletons (Ossuary)
  2 hobgoblin zombies (Ossuary)
  3 kobold skeletons (Ossuary)
  2 orc zombies (Ossuary)
  3 rat skeletons (Ossuary)
  A rat zombie (Ossuary)
20 creatures vanquished.

Grand Total: 146 creatures vanquished

Notes
Turn   | Place    | Note
--------------------------------------------------------------
     0 | D:1      | Ordine the Troll Monk began the quest for the Orb.
     0 | D:1      | Reached XP level 1. HP: 22/22 MP: 0/0
     2 | D:1      | Noticed a human
     4 | D:1      | Noticed a ghoul
     4 | D:1      | Noticed a draconian
     6 | D:1      | Noticed a minotaur
     6 | D:1      | Noticed a gargoyle
    10 | D:1      | Noticed a dwarf
    10 | D:1      | Noticed a tengu
    12 | D:1      | Noticed a centaur
    12 | D:1      | Noticed a demigod
    14 | D:1      | Noticed a felid
    14 | D:1      | Noticed an ogre
    16 | D:1      | Noticed a vampire
    16 | D:1      | Noticed a troll
    18 | D:1      | Noticed a vine stalker
    20 | D:1      | Noticed a merfolk
    22 | D:1      | Noticed an octopode
    22 | D:1      | Noticed a formicid
    24 | D:1      | Noticed a spriggan
    24 | D:1      | Noticed a naga
    26 | D:1      | Noticed a demonspawn
    26 | D:1      | Noticed an elf
   127 | D:1      | Reached XP level 2. HP: 29/29 MP: 1/1
   681 | D:1      | Reached XP level 3. HP: 36/36 MP: 2/2
   897 | D:2      | Found a snail-covered altar of Cheibriados.
   907 | D:2      | Found a shimmering altar of Xom.
   947 | D:2      | Found a sacrificial altar of Ru.
   982 | D:2      | Reached XP level 4. HP: 39/44 MP: 3/3
  1120 | D:2      | Found a deep blue altar of Sif Muna.
  1355 | D:3      | Reached skill level 5 in Unarmed Combat
  1423 | D:2      | Found a sparkling altar of Nemelex Xobeh.
  1642 | D:3      | Noticed a sky beast
  1666 | D:3      | Killed a sky beast
  1666 | D:3      | Reached XP level 5. HP: 22/53 MP: 4/4
  2146 | D:4      | Noticed an ogre
  2350 | D:3      | Killed an ogre
  2350 | D:3      | Reached skill level 6 in Unarmed Combat
  2350 | D:3      | Reached XP level 6. HP: 28/61 MP: 5/5
  2898 | D:4      | Found Leshroast's Antique Weapon Emporium.
  3095 | D:4      | Reached XP level 7. HP: 68/68 MP: 6/6
  3165 | D:4      | Found a sacrificial altar of Ru.
  3192 | D:4      | Reached skill level 7 in Unarmed Combat
  3393 | D:4      | Noticed a phantom
  3416 | D:4      | Killed a phantom
  3699 | D:5      | Entered Level 5 of the Dungeon
  3770 | D:5      | Found a sand-covered staircase.
  3775 | Ossuary  | Entered an ossuary
  3987 | Ossuary  | Noticed Menkaure
  4000 | Ossuary  | Slain by Menkaure

Vault maps used:
D:1:      kb_arrival_jail
D:2:      lemuel_upstairs_altar, lemuel_crystal_altar, lemuel_crystal_altar,
          led_sif_pool, nicolae_ru_great_annihilating_truth
D:3:      minmay_misc_feat_more_columns
D:4:      lemuel_coloured_pillars_altar, serial_shops, nicolae_shop_statue_plus
D:5:      nicolae_overflow_crystal_walls, first_bread, enter_ossuary_5
Ossuary:  ossuary_due_pyramid

Action                   |  1- 3 |  4- 6 |  7- 9 || total
-------------------------+-------+-------+-------++-------
Melee: Unarmed           |   103 |   132 |    99 ||   334
Throw: Tomahawk          |       |     7 |       ||     7
  Use: Scroll            |     3 |     6 |     2 ||    11
       Potion            |       |     1 |     1 ||     2
 Stab: Sleeping          |     4 |     2 |       ||     6
       Paralysed         |     1 |       |       ||     1
  Eat: Chunk             |    13 |    20 |     7 ||    40
